Map: Ascension to Aiur LE

Players

Yata - Winner!

  • Race: Zerg Zerg
  • League: Platinum
  • Spawn Location: 11:00

LeManatee

  • Race: Terran Terran
  • League: Platinum
  • Spawn Location: 5:00

VOD

Have the link to the VOD?

Description

Time

  • Played on: Oct. 28, 2017, 6:44 p.m.
  • Length: 11:10
Show
View Real Time Build Order
Export as new Build Order

Yata Zerg - Winner!

Build Orders: Hatch First 

Get SALT Encoding   

  12  0:00  Drone  
  13  0:12  Overlord  
  13  0:17  Drone  
  14  0:30  Drone x2  
  14  0:34  Drone  
  17  0:54  Hatchery  
  17  0:56  Drone  
  17  1:00  Drone  
  18  1:10  Extractor  
  17  1:16  Spawning Pool  
  17  1:18  Drone  
  17  1:22  Drone  
  18  1:28  Drone  
  19  1:38  Overlord  
  19  1:50  Drone  
  20  1:55  Evolution Chamber  
  20  2:00  Drone  
  20  2:03  Queen  
  20  2:06  Queen  
  24  2:11  Zergling x2  
  24  2:12  Zergling x2  
  26  2:18  Metabolic Boost  
  27  2:22  Drone  
  27  2:26  Drone  
  28  2:49  Drone, Baneling Nest  
  28  2:50  Drone x4  
  32  2:54  Drone  
  33  3:01  Overlord  
  33  3:08  Zergling x2  
  34  3:18  Pneumatized Carapace  
  34  3:24  Zergling x14  
  41  3:28  Overlord  
  41  3:47  Drone  
  43  3:48  Drone x2  
  43  3:53  Overlord x3  
  44  4:02  Zerg Melee Weapons Level 1  
  44  4:11  Drone x2  
  44  4:12  Drone x2  
  44  4:13  Drone x2  
  50  4:21  Zergling x4  
  52  4:32  Zergling x2  
  52  4:33  Zergling x14  
  52  4:35  Lair  
  52  4:37  Extractor  
  59  4:39  Queen  
  59  4:45  Spine Crawler, Baneling x2  
  60  5:02  Hatchery  
  60  5:05  Baneling x2  
  59  5:08  Extractor, Drone x3  
  59  5:13  Drone x3  
  64  5:28  Overlord x3  
  64  5:29  Overlord x2  
  64  5:38  Queen  
  64  5:39  Zergling x2  
  64  5:40  Zergling x6  
  54  5:47  Zergling x8  
  52  5:52  Zergling x2  
  53  5:57  Queen  
  53  5:58  Zergling x2  
  53  6:01  Baneling x4  
  53  6:02  Baneling  
  50  6:06  Zergling x8  
  49  6:22  Zergling x6  
  51  6:32  Zergling x2  
  51  6:36  Drone  
  51  6:37  Hatchery  
  51  6:50  Zerg Melee Weapons Level 2  
  51  6:51  Hydralisk Den  
  51  6:52  Drone  
  51  6:53  Drone  
  52  6:59  Drone  
  52  7:00  Drone x2  
  55  7:08  Drone x2  
  57  7:09  Drone  
  57  7:11  Zergling x2  
  58  7:21  Drone x4  
  59  7:31  Drone  
  60  7:43  Queen  
  62  7:52  Hydralisk  
  62  7:53  Hydralisk x5  
  74  7:59  Muscular Augments  
  74  8:01  Zergling x4  
  76  8:06  Drone x2  
  76  8:10  Zergling x6  
  81  8:18  Zergling x2  
  81  8:19  Zergling x4  
  84  8:26  Centrifical Hooks  
  84  8:32  Drone  
  84  8:33  Drone x3  
  88  8:35  Zergling x6  
  91  8:45  Hydralisk x4  
  91  8:46  Hydralisk  
  100  9:05  Zergling x10  
  100  9:08  Overlord x4  
  105  9:15  Zerg Ground Armor Level 1  
  105  9:25  Hatchery  
  105  9:26  Zergling x2  
  105  9:27  Zergling x10  
  110  9:33  Queen  
  110  9:34  Queen  
  114  9:40  Zergling x2  
  114  9:41  Zergling x8  
  114  9:45  Zergling x6  
  122  9:54  Baneling x5  
  122  9:55  Baneling x5  
  122  9:58  Baneling  
  122  9:59  Baneling x9  
  122  10:00  Zergling x2  
  123  10:10  Zergling x14  
  123  10:12  Zergling x2  
  103  10:21  Zergling x14  
  108  10:40  Zergling x2  
  108  10:41  Zergling x22  
  116  10:44  Drone  
  116  10:47  Zergling x2  
Show
View Real Time Build Order
Export as new Build Order

LeManatee Terran 

Build Orders: Cyclone Opening, Mech 

Get SALT Encoding   

  12  0:01  SCV  
  13  0:21  Supply Depot  
  13  0:25  SCV  
  14  0:30  Refinery  
  14  0:39  SCV  
  15  0:44  Barracks  
  15  0:51  SCV  
  16  1:03  SCV  
  17  1:16  SCV  
  18  1:19  Refinery  
  18  1:36  Supply Depot, Orbital Command  
  18  1:43  Barracks Reactor  
  18  1:50  Factory  
  18  2:03  SCV  
  19  2:15  SCV  
  20  2:19  Marine x2  
  22  2:28  SCV  
  23  2:42  SCV  
  23  2:43  Barracks Tech Lab  
  24  2:45  Cyclone x2  
  30  2:54  SCV  
  30  2:57  Supply Depot  
  31  3:02  Supply Depot  
  31  3:19  Cyclone x2  
  37  3:30  Supply Depot  
  37  3:33  Marine  
  38  3:43  Barracks  
  38  3:46  SCV  
  39  3:51  Cyclone x2  
  45  3:57  Marine  
  46  4:13  Command Center  
  46  4:50  Marine, Siege Tank  
  46  4:51  Marine  
  51  4:53  Barracks Tech Lab, Starport  
  51  4:57  SCV  
  52  5:07  Supply Depot  
  52  5:09  SCV  
  53  5:21  SCV  
  54  5:34  SCV  
  52  5:44  Supply Depot  
  52  5:46  SCV  
  49  6:22  Marine x2  
  49  6:23  Siege Tank  
  49  6:24  Marine  
  40  6:25  Medivac  
  40  6:27  SCV  
  43  6:34  Orbital Command  
  43  6:39  Refinery  
  41  6:40  Supply Depot  
  41  6:41  Supply Depot  
  41  6:42  Supply Depot  
  41  6:45  Factory  
  41  6:47  Factory, Marine x2  
  41  6:49  Infernal Pre-Igniter  
  41  6:50  Marine, Stimpack  
  44  6:57  Refinery  
  44  7:04  SCV x2  
  46  7:14  Engineering Bay  
  46  7:16  SCV  
  44  7:25  SCV  
  44  7:28  SCV  
  42  7:35  Factory Tech Lab x2  
  42  7:37  SCV  
  42  7:40  SCV  
  44  7:47  Armory, Terran Infantry Weapons Level 1  
  44  7:48  Starport Reactor, Siege Tank  
  44  7:49  SCV  
  48  7:52  SCV  
  48  7:54  Marine  
  48  7:55  Marine  
  51  8:01  SCV  
  51  8:05  SCV  
  53  8:06  Missile Turret  
  53  8:07  Missile Turret  
  53  8:08  Missile Turret  
  53  8:13  SCV  
  53  8:15  Siege Tank x2  
  53  8:17  Marine, SCV  
  53  8:19  Marine  
  63  8:22  Marine  
  63  8:25  SCV  
  65  8:29  SCV  
  66  8:35  Marine  
  66  8:37  Missile Turret  
  66  8:38  SCV  
  66  8:41  SCV  
  69  8:42  Marine x2  
  69  8:46  Hellion  
  69  8:47  Hellion  
  69  8:48  Hellion  
  77  8:56  Medivac x2  
  81  9:07  Hellion  
  83  9:14  Command Center, Hellion x2  
  87  9:28  Hellion  
  89  9:46  SCV  
  89  9:47  SCV  
  91  9:58  SCV  
  91  9:59  SCV  
  93  10:10  SCV  
  93  10:11  SCV  
  61  10:23  SCV x2  
  63  10:35  SCV x2  
Tags
 
Add a new tag
Caveats
  • Supply blocks, unpowered buildings, or Contaminate may cause inaccurate times.
  • Supply counts are checked every 10 seconds.